 Dungeon Crawl Stone Soup version 0.30.1 (webtiles) character file.

Game seed: 6712825434280453939

135 Sabo the Chopper (level 4, -1/37 HPs)
             Began as a Demonspawn Monk on July 8, 2023.
             Slain by an iguana (11 damage)
             ... on level 5 of the Dungeon.
             The game lasted 00:12:11 (2351 turns).

Sabo the Chopper (Demonspawn Monk)                  Turns: 2351, Time: 00:12:12

Health: -1/37      AC: 14    Str: 19    XL:     4   Next: 97%
Magic:  4/4        EV:  9    Int: 12    God:
Gold:   99         SH:  0    Dex: 15    Spells: 3/3 levels left

rFire   + . .        a - +0 hand axe
rCold   + . .        d - orb {light}
rNeg    . . .        j - +0 chain mail
rPois   .            (no helmet)
rElec   .            s - scarf {rC+ rF+}
rCorr   .            (no gloves)
SInv    .            (no boots)
Will    .....        (no amulet) Stlth
                     m - +6 ring of strength
HPRegen 0.26/turn    (no ring)
MPRegen 0.09/turn

%: no passive effects
@: sanguine armoured, glowing
A: demonic guardian 1, sanguine armour 1
a: no special abilities


You were on level 5 of the Dungeon.
You visited 1 branch of the dungeon, and saw 4 of its levels.

You collected 99 gold pieces.

Inventory:

Hand Weapons
 a - a +0 hand axe (weapon)
Missiles
 b - 6 boomerangs (quivered)
 l - 7 poisoned darts
Armour
 d - an orb of light (worn)
 j - a +0 chain mail (worn)
 q - the +0 ring mail of Forking Paths {SInv}
   (You found it on level 2 of the Dungeon)

   SInv:      It lets you see invisible.
 s - a scarf of resistance (worn)
Jewellery
 m - a +6 ring of strength (left hand)
Scrolls
 g - a scroll of summoning
 k - 2 scrolls of teleportation
 p - a scroll of enchant armour {unknown}
 r - a scroll of vulnerability {unknown}
 t - a scroll of blinking {unknown}
Potions
 c - a potion of ambrosia
 f - a potion of resistance {unknown}
 h - a potion of brilliance {unknown}
 i - a potion of flight {unknown}
 n - a potion of lignification {unknown}
 o - a potion of might {unknown}


   Skills:
 + Level 3.6 Fighting
 + Level 3.8 Axes
 + Level 2.3 Armour
 + Level 2.8 Dodging
 + Level 0.2 Stealth


You had 3 spell levels left.
You didn't know any spells.
Your spell library contained the following spells:

 Spells                   Type           Power      Damage    Failure   Level
 Animate Dead             Necr           0%         N/A       100%        4
 Borgnjor's Vile Clutch   Necr/Erth      0%         N/A       100%        5
 Death Channel            Necr           0%         N/A       100%        6


Dungeon Overview and Level Annotations

Branches:
Dungeon (3/15)

Altars:


Innate Abilities, Weirdness & Mutations

A weak demonic guardian rushes to your aid.
When seriously injured, your blood forms armour. (AC +6)


Message History

The hound is almost dead.
Your blood armour dries and flakes away.
The hound bites you but does no damage. x2
You hit the hound.
You kill the hound!
Your Armour skill increases to level 2!
Things that are here:
a +0 club; a hound corpse; an orc corpse You start resting.
HP restored.
Items here: ))) [[ †††.
Okay, then.
An iguana comes into view.
The iguana bites you!
A demonic guardian appears!
You hit the iguana but do no damage. The iguana barely misses you.
You barely miss the iguana.
The iguana hisses menacingly.
The iguana bites you.
Your blood congeals into armour.
The iguana bites you but does no damage.
You hit the iguana but do no damage.
Your shadow imp closely misses the iguana.
The iguana bites you!
You hit the iguana.
The iguana is lightly wounded.
Your shadow imp hits the iguana.
The iguana bites you but does no damage.
You hit the iguana.
The iguana is moderately wounded.
Your shadow imp completely misses the iguana.
The iguana bites you.
* * * LOW HITPOINT WARNING * * *
You hit the iguana but do no damage.
The iguana is moderately wounded.
Your shadow imp barely misses the iguana.
The iguana barely misses you.
You hit the iguana.
The iguana is moderately wounded.
Your shadow imp closely misses the iguana.
The iguana bites you!
You die...

##....)#..##
#..
#.....)..##
#.
#.....#### #
#....##
##....#
#.....#
#....##
##...# #5@##
##l# #..
#..# #..#
##.. .. ...


You could see an iguana (ally target) and a friendly shadow imp (summoned).

Vanquished Creatures
  A hound (D:5)
  An orc priest (D:5)
  An adder (D:2)
  3 worms
  2 dart slugs (D:1)
  4 orcs (D:5)
  4 ball pythons (D:1)
  7 bats
  3 endoplasms
  5 hobgoblins
  3 jackals (D:1)
  4 quokkas
  2 frilled lizards (D:2)
  3 goblins
  2 kobolds
  2 rats
47 creatures vanquished.

Notes
Turn   | Place    | Note
-------+----------+-------------------------------------------
     0 | D:1      | Sabo the Demonspawn Monk began the quest for the Orb.
     0 | D:1      | Reached XP level 1. HP: 18/18 MP: 1/1
   294 | D:1      | Gained mutation: When seriously injured, your blood forms
                  | armour. (AC +6) [demonic ancestry]
   294 | D:1      | Reached XP level 2. HP: 24/24 MP: 2/2
  1114 | D:1      | Reached XP level 3. HP: 29/29 MP: 3/3
  1569 | D:2      | Reached skill level 1 in Armour
  1797 | D:2      | Identified the +0 ring mail of Forking Paths {SInv}
  2162 | D:3      | You fall into a shaft and drop 2 floors!
  2162 | D:5      | Entered Level 5 of the Dungeon
  2238 | D:5      | Gained mutation: A weak demonic guardian rushes to your
                  | aid. [demonic ancestry]
  2238 | D:5      | Reached XP level 4. HP: 31/35 MP: 4/4
  2351 | D:5      | Slain by an iguana

Illustrated notes

Levels and vault maps discovered:
D:1:      giann_horns, layout_basic
D:2:      minmay_alternating_diamond, layout_loops_cross
D:3:      wad_woods_stonehenge, layout_loops_ring,
          mainiacjoe_overflow_surrounded_room,
          dreamdust_ecumenical_altar_sealed_demon, biasface_ghost_orc_armoury,
          uniq_grinder
D:5:      layout_cave_pods, nemelex_spade_bored_becter,
          mainiacjoe_overflow_concentric_impassable, minmay_parallelograms

Skill      XL: |  1  2  3  4 |
---------------+-------------+-----
Axes           | 3 |  3.8
Armour         | 1 2 |  2.3
Fighting       | |  3.6
Dodging        | |  2.8
Stealth        | |  0.2

Action                     |  1- 3 |  4- 6 || total
---------------------------+-------+-------++-------
  Melee: Hand axe          |   144 |    26 ||   170
    Use: Scroll            |     4 |       ||     4
         Potion            |       |     1 ||     1
 Armour: Robe              |    12 |       ||    12
         Chain mail        |    82 |    23 ||   105
  Dodge: Dodged            |    81 |    12 ||    93
